| TOP OF THE 1ST |
|
San Jose Giants batting - Pitching for Mobile BayBears : LHP Rene Eenkhoorn
|
|
Pitching: LHP Rene Eenkhoorn
|
|
|
Batting: RHB Tyler Mapes
|
0-0: Swinging Strike 0-1: Ball 1-1: Foul Ball, location: 2F 1-2: Ball 2-2: Strikes out looking
|
|
Batting: LHB Tony Galvan
|
0-0: Ground out 2-3 (Groundball, 15S, EV 60.6 MPH)
|
|
Batting: RHB Doug Kennie
|
0-0: Ball 1-0: Ball 2-0: Called Strike 2-1: Ground out 4-3 (Groundball, 6MS, EV 90.0 MPH)
|
| Top of the 1st over - 0 runs, 0 hits, 0 errors, 0 left on base; San Jose 0 - Mobile 0 |
| BOTTOM OF THE 1ST |
|
Mobile BayBears batting - Pitching for San Jose Giants : RHP Ignacio Gomez
|
|
Pitching: RHP Ignacio Gomez
|
|
|
Batting: LHB Steve Reinhart
|
0-0: Ball 1-0: Ball 2-0: Swinging Strike 2-1: Foul Ball, location: 2F 2-2: Ball 3-2: Base on Balls
|
|
Batting: RHB Omar Arroyo
|
0-0: Grounds into double play, 6-4-3 (Groundball, 6, EV 80.6 MPH)
|
|
Batting: SHB Salvador Aragon
|
0-0: Swinging Strike 0-1: Ball 1-1: Ball 2-1: Ball 3-1: Base on Balls
|
|
Batting: LHB Bobby Arevalo
|
0-0: Ball Salvador Aragon steals 2nd base (no throw) 1-0: Ball 2-0: 2-RUN HOME RUN (Flyball, 7D, EV 98.1 MPH), Distance : 373 ft
|
|
Batting: RHB John Gray
|
0-0: Fly out, F9 (Line Drive, 9D, EV 90.6 MPH)
|
| Bottom of the 1st over - 2 runs, 1 hit, 0 errors, 0 left on base; San Jose 0 - Mobile 2 |
| TOP OF THE 2ND |
|
San Jose Giants batting - Pitching for Mobile BayBears : LHP Rene Eenkhoorn
|
|
Batting: LHB Nate Conley
|
0-0: Fly out, F8 (Flyball, 89S, EV 94.4 MPH)
|
|
Batting: LHB Carey Horncole
|
0-0: Swinging Strike 0-1: Foul Ball, location: 2F 0-2: SINGLE (Groundball, 6MD, EV 103.8 MPH)
|
|
Batting: RHB John Shaffer
|
0-0: Ball 1-0: Called Strike 1-1: Ball 2-1: Ball 3-1: Fly out, F8 (Line Drive, 8RM, EV 106.2 MPH)
|
|
Batting: RHB Adam Solesbee
|
0-0: Ball 1-0: Ball 2-0: Ground out 5-3 (Groundball, 56S, EV 84.4 MPH)
|
| Top of the 2nd over - 0 runs, 1 hit, 0 errors, 1 left on base; San Jose 0 - Mobile 2 |
| BOTTOM OF THE 2ND |
|
Mobile BayBears batting - Pitching for San Jose Giants : RHP Ignacio Gomez
|
|
Batting: LHB Josh Gottlieb
|
0-0: Ball 1-0: Ball 2-0: Called Strike 2-1: TRIPLE (Line Drive, 89XD, EV 105.0 MPH)
|
|
Batting: RHB Casey Stripling
|
0-0: Ball 1-0: Swinging Strike 1-1: Foul Ball, location: 2F 1-2: Ball 2-2: Foul Ball, location: 2F 2-2: Ground out U3 (Groundball, 34S, EV 70.6 MPH) Josh Gottlieb scores
|
|
Batting: RHB Dustin Legault
|
0-0: Foul Ball, location: 2F 0-1: Ball 1-1: Foul Ball, location: 2F 1-2: Ball 2-2: Ground out 4-3 (Groundball, 4, EV 108.1 MPH)
|
|
Batting: RHB Justin Bruce
|
0-0: Ground out U3 (Groundball, 34, EV 85.0 MPH)
|
| Bottom of the 2nd over - 1 run, 1 hit, 0 errors, 0 left on base; San Jose 0 - Mobile 3 |
| TOP OF THE 3RD |
|
San Jose Giants batting - Pitching for Mobile BayBears : LHP Rene Eenkhoorn
|
|
Batting: RHB Jack Toole
|
0-0: Called Strike 0-1: Foul Ball, location: 2F 0-2: SINGLE (Flyball, 56D, EV 83.8 MPH)
|
|
Batting: LHB Terry Ebersole
|
0-0: Called Strike 0-1: Called Strike 0-2: Ball 1-2: SINGLE (Line Drive, 34, EV 95.6 MPH) Jack Toole to second Runner from 2nd tries for 3rd, OUT! 9-5
|
|
Batting: RHB Tyler Mapes
|
0-0: Foul Ball, location: 2F 0-1: Ball 1-1: Ball 2-1: Ball 3-1: Base on Balls Terry Ebersole to second
|
|
Batting: LHB Tony Galvan
|
0-0: Called Strike 0-1: Swinging Strike 0-2: Ball 1-2: Ball 2-2: Foul Ball, location: 2F 2-2: SINGLE (Line Drive, 34D, EV 102.5 MPH) Terry Ebersole to third Tyler Mapes to second
|
|
Batting: RHB Doug Kennie
|
0-0: Ball 1-0: Ball 2-0: Called Strike 2-1: Foul Ball, location: 2F 2-2: SINGLE (Groundball, 6MD, EV 110.0 MPH) Terry Ebersole scores Tyler Mapes to third Tony Galvan to second Runner from 3rd tries for Home, SAFE, throw by CF to home
|
|
Batting: LHB Nate Conley
|
0-0: Ball Tony Galvan steals 3rd base (no throw) Doug Kennie to second 1-0: Ball 2-0: SINGLE (Groundball, 34D, EV 95.6 MPH) Tony Galvan scores Doug Kennie to third
|
|
Batting: LHB Carey Horncole
|
0-0: Foul Ball, location: 2F 0-1: Swinging Strike 0-2: Ball 1-2: Ball 2-2: Foul Ball, location: 2F 2-2: Foul Ball, location: 2F 2-2: 3-RUN HOME RUN (Flyball, 9D, EV 97.5 MPH), Distance : 378 ft
|
|
Pitching: RHP Matt Hager
|
|
|
Batting: RHB John Shaffer
|
0-0: Foul Ball, location: 2F 0-1: Foul Ball, location: 2F 0-2: Ball 1-2: Foul Ball, location: 2F 1-2: Ground out U3 (Groundball, 3, EV 78.8 MPH)
|
|
Batting: RHB Adam Solesbee
|
0-0: Swinging Strike 0-1: Foul Ball, location: 2F 0-2: Ball 1-2: Reached on error, E6 (Groundball, 6, EV 90.6 MPH)
|
|
Batting: RHB Jack Toole
|
0-0: Ball 1-0: Ball 2-0: Ground out 5-3 (Groundball, 56, EV 110.0 MPH)
|
| Top of the 3rd over - 6 runs, 6 hits, 1 error, 1 left on base; San Jose 6 - Mobile 3 |
| BOTTOM OF THE 3RD |
|
Mobile BayBears batting - Pitching for San Jose Giants : RHP Ignacio Gomez
|
|
Batting: LHB Steve Reinhart
|
0-0: Called Strike 0-1: Ground out 4-3 (Groundball, 4M, EV 76.9 MPH)
|
|
Batting: RHB Omar Arroyo
|
0-0: Ball 1-0: Ball 2-0: Foul Ball, location: 2F 2-1: Foul Ball, location: 2F 2-2: Ground out 4-3 (Groundball, 4, EV 82.5 MPH)
|
|
Batting: SHB Salvador Aragon
|
0-0: Ball 1-0: Ball 2-0: Called Strike 2-1: Called Strike 2-2: SINGLE (Groundball, 6M, EV 101.9 MPH) (infield hit)
|
|
Batting: LHB Bobby Arevalo
|
0-0: Called Strike 0-1: Called Strike 0-2: SINGLE (Groundball, 4MD, EV 107.5 MPH) Salvador Aragon to second Runner from 2nd tries for 3rd, OUT! 8-5
|
| Bottom of the 3rd over - 0 runs, 2 hits, 0 errors, 1 left on base; San Jose 6 - Mobile 3 |
| TOP OF THE 4TH |
|
San Jose Giants batting - Pitching for Mobile BayBears : RHP Matt Hager
|
|
Now in RF: Rick Roemer
|
|
|
Batting: LHB Terry Ebersole
|
0-0: Called Strike 0-1: Foul Ball, location: 2F 0-2: Strikes out swinging
|
|
Batting: RHB Tyler Mapes
|
0-0: Called Strike 0-1: Ground out U3 (Groundball, 34S, EV 80.6 MPH)
|
|
Batting: LHB Tony Galvan
|
0-0: Ball 1-0: Ball 2-0: Ball 3-0: Base on Balls
|
|
Batting: RHB Doug Kennie
|
0-0: Called Strike 0-1: Ball 1-1: Called Strike 1-2: Foul Ball, location: 2F 1-2: Ball 2-2: Strikes out looking
|
| Top of the 4th over - 0 runs, 0 hits, 0 errors, 1 left on base; San Jose 6 - Mobile 3 |
| BOTTOM OF THE 4TH |
|
Mobile BayBears batting - Pitching for San Jose Giants : RHP Ignacio Gomez
|
|
Batting: RHB John Gray
|
0-0: Ball 1-0: Ball 2-0: Ground out 5-3 (Groundball, 56, EV 83.8 MPH)
|
|
Batting: LHB Josh Gottlieb
|
0-0: Called Strike 0-1: Called Strike 0-2: DOUBLE (Line Drive, 78D, EV 104.4 MPH)
|
|
Batting: RHB Casey Stripling
|
0-0: Ball 1-0: Ball Josh Gottlieb steals 3rd base (no throw) 2-0: Fly out, F8 (Flyball, 8RS, EV 80.6 MPH)
|
|
Batting: RHB Dustin Legault
|
0-0: Called Strike 0-1: Called Strike 0-2: Ball 1-2: Ball 2-2: Strikes out swinging
|
| Bottom of the 4th over - 0 runs, 1 hit, 0 errors, 1 left on base; San Jose 6 - Mobile 3 |
| TOP OF THE 5TH |
|
San Jose Giants batting - Pitching for Mobile BayBears : RHP Matt Hager
|
|
Batting: LHB Nate Conley
|
0-0: Called Strike 0-1: Fly out, F8 (Flyball, 8LD, EV 101.2 MPH)
|
|
Batting: LHB Carey Horncole
|
0-0: Ball 1-0: Swinging Strike 1-1: SINGLE (Groundball, 4M, EV 102.5 MPH) (infield hit)
|
|
Batting: RHB John Shaffer
|
0-0: Called Strike Carey Horncole steals 2nd base (no throw) 0-1: Ball 1-1: Ball 2-1: Foul Ball, location: 2F 2-2: SINGLE (Groundball, 56D, EV 101.2 MPH) Carey Horncole to third Runner from 3rd tries for Home, SAFE, throw by LF to home
|
|
Pitching: RHP Jeremy Dobrowolski
|
|
|
Batting: RHB Adam Solesbee
|
0-0: Fly out, F7 (Flyball, 7S, EV 94.4 MPH)
|
|
Batting: RHB Jack Toole
|
0-0: Called Strike 0-1: Called Strike 0-2: Fly out, F9 (Flyball, 9LM, EV 90.0 MPH)
|
| Top of the 5th over - 1 run, 2 hits, 0 errors, 1 left on base; San Jose 7 - Mobile 3 |
| BOTTOM OF THE 5TH |
|
Mobile BayBears batting - Pitching for San Jose Giants : RHP Ignacio Gomez
|
|
Batting: RHB Justin Bruce
|
0-0: Foul Ball, location: 2F 0-1: Ball 1-1: Called Strike 1-2: Ball 2-2: Fly out, F7 (Line Drive, 7D, EV 94.4 MPH)
|
|
Batting: LHB Steve Reinhart
|
0-0: Ball 1-0: Ball 2-0: SOLO HOME RUN (Flyball, 7D, EV 97.5 MPH), Distance : 372 ft
|
|
Batting: RHB Omar Arroyo
|
0-0: Called Strike 0-1: Ball 1-1: Ball 2-1: Fly out, F8 (Flyball, 8RM, EV 87.5 MPH)
|
|
Batting: LHB Rick Roemer
|
0-0: Fly out, F7 (Line Drive, 7D, EV 94.4 MPH)
|
| Bottom of the 5th over - 1 run, 1 hit, 0 errors, 0 left on base; San Jose 7 - Mobile 4 |
| TOP OF THE 6TH |
|
San Jose Giants batting - Pitching for Mobile BayBears : RHP Jeremy Dobrowolski
|
|
Batting: LHB Terry Ebersole
|
0-0: Ball 1-0: Ball 2-0: Called Strike 2-1: Ball 3-1: Base on Balls
|
|
Batting: RHB Tyler Mapes
|
0-0: Called Strike 0-1: Foul Ball, location: 2F 0-2: Ball 1-2: Fielders Choice at 2nd, 6-4 (Groundball, 6, EV 88.1 MPH)
|
|
Batting: LHB Tony Galvan
|
0-0: Called Strike 0-1: Ball Tyler Mapes steals 2nd base 1-1: Intentional Walk
|
|
Batting: RHB Doug Kennie
|
0-0: Ball 1-0: Ball Tyler Mapes steals 3rd base (no throw) 2-0: Called Strike 2-1: Called Strike 2-2: Foul Ball, location: 2F 2-2: Fly out, F4 (Popup, 34, EV 61.9 MPH)
|
|
Pitching: RHP Ruben Vazquez
|
|
|
Batting: LHB Nate Conley
|
0-0: Called Strike 0-1: Ground out 6-3 (Groundball, P, EV 87.5 MPH)
|
| Top of the 6th over - 0 runs, 0 hits, 0 errors, 2 left on base; San Jose 7 - Mobile 4 |
| BOTTOM OF THE 6TH |
|
Mobile BayBears batting - Pitching for San Jose Giants : RHP Ignacio Gomez
|
|
Batting: LHB Bobby Arevalo
|
0-0: Ball 1-0: Called Strike 1-1: Foul Ball, location: 2F 1-2: Fly out, F8 (Flyball, 8RM, EV 85.0 MPH)
|
|
Batting: RHB John Gray
|
0-0: Ball 1-0: Ground out 4-3 (Groundball, 4, EV 87.5 MPH)
|
|
Batting: LHB Josh Gottlieb
|
0-0: Foul Ball, location: 2F 0-1: Ball 1-1: Ball 2-1: TRIPLE (Groundball, 3L, EV 107.5 MPH)
|
|
Batting: RHB Casey Stripling
|
0-0: Ball 1-0: Foul Ball, location: 2F 1-1: SINGLE (Flyball, 9S, EV 86.9 MPH) Josh Gottlieb scores
|
|
Pitching: LHP Kyle Worford
|
|
|
Batting: RHB Dustin Legault
|
0-0: Foul Ball, location: 2F 0-1: Swinging Strike 0-2: Strikes out swinging
|
| Bottom of the 6th over - 1 run, 2 hits, 0 errors, 1 left on base; San Jose 7 - Mobile 5 |
| TOP OF THE 7TH |
|
San Jose Giants batting - Pitching for Mobile BayBears : RHP Ruben Vazquez
|
|
Batting: LHB Carey Horncole
|
0-0: Ball 1-0: Called Strike 1-1: Ball 2-1: Ball 3-1: Base on Balls
|
|
Batting: RHB John Shaffer
|
0-0: Ball 1-0: Ball 2-0: Ball 3-0: DOUBLE (Line Drive, 9LM, EV 109.4 MPH) Carey Horncole to third
|
|
Batting: RHB Adam Solesbee
|
0-0: Intentional Walk
|
|
Batting: RHB Jack Toole
|
0-0: Ball 1-0: Called Strike 1-1: Ball 2-1: Ball 3-1: Base on Balls Carey Horncole scores John Shaffer to third Adam Solesbee to second
|
|
Batting: LHB Terry Ebersole
|
0-0: Called Strike 0-1: Ball 1-1: Grounds into fielders choice 1-2 (Groundball, 13, EV 65.0 MPH) Adam Solesbee to third Jack Toole to second
|
|
Batting: RHB Tyler Mapes
|
0-0: Called Strike 0-1: Fly out, F8 (Flyball, 8RD, EV 102.5 MPH) Runner from 3rd tags up, OUT at HOME! 8-2
|
| Top of the 7th over - 1 run, 1 hit, 0 errors, 2 left on base; San Jose 8 - Mobile 5 |
| BOTTOM OF THE 7TH |
|
Mobile BayBears batting - Pitching for San Jose Giants : LHP Kyle Worford
|
|
Batting: RHB Justin Bruce
|
0-0: Called Strike 0-1: Ball 1-1: Foul Ball, location: 2F 1-2: Strikes out looking
|
|
Batting: LHB Steve Reinhart
|
0-0: Called Strike 0-1: Foul Ball, location: 2F 0-2: Strikes out swinging
|
|
Batting: RHB Omar Arroyo
|
0-0: Foul Ball, location: 2F 0-1: Ground out 5-3 (Groundball, 56, EV 88.1 MPH)
|
| Bottom of the 7th over - 0 runs, 0 hits, 0 errors, 0 left on base; San Jose 8 - Mobile 5 |
| TOP OF THE 8TH |
|
San Jose Giants batting - Pitching for Mobile BayBears : RHP Ruben Vazquez
|
|
Pitching: LHP Danny Kessel
|
|
|
Batting: LHB Tony Galvan
|
0-0: Ball 1-0: Ball 2-0: Called Strike 2-1: Swinging Strike 2-2: Ball 3-2: Base on Balls
|
|
Batting: RHB Doug Kennie
|
0-0: Ball 1-0: Ball 2-0: Ball 3-0: Base on Balls Tony Galvan to second
|
|
Batting: LHB Nate Conley
|
0-0: Called Strike 0-1: Ball 1-1: Fielders Choice at 2nd, 2-6 (Groundball, 13S, EV 66.9 MPH) Tony Galvan to third
|
|
Batting: LHB Carey Horncole
|
0-0: Foul Ball, location: 2F 0-1: Foul Ball, location: 2F 0-2: Ball 1-2: Ball 2-2: Ball 3-2: Fielders Choice at 2nd, 4-6 (Groundball, 4M, EV 81.2 MPH) Tony Galvan scores
|
|
Batting: RHB John Shaffer
|
0-0: Called Strike 0-1: Called Strike 0-2: Ball 1-2: Ball Pickoff Throw to First - Error! E1 Carey Horncole to second 2-2: Ball 3-2: Strikes out swinging
|
| Top of the 8th over - 1 run, 0 hits, 1 error, 1 left on base; San Jose 9 - Mobile 5 |
| BOTTOM OF THE 8TH |
|
Mobile BayBears batting - Pitching for San Jose Giants : LHP Kyle Worford
|
|
Pitching: RHP Phil Holmes
|
|
|
Batting: LHB Rick Roemer
|
0-0: Ball 1-0: Foul Ball, location: 2F 1-1: Foul Ball, location: 2F 1-2: Ball 2-2: Ball 3-2: Foul Ball, location: 2F 3-2: SINGLE (Groundball, P, EV 82.5 MPH) (infield hit)
|
|
Batting: LHB Bobby Arevalo
|
0-0: SINGLE (Groundball, 25, EV 66.9 MPH) (infield hit) Rick Roemer to second
|
|
Batting: RHB John Gray
|
0-0: DOUBLE (Flyball, 8RXD, EV 97.5 MPH) Rick Roemer scores Bobby Arevalo to third
|
|
Batting: LHB Josh Gottlieb
|
0-0: Ball 1-0: Called Strike 1-1: Called Strike 1-2: Ball 2-2: Ground out 4-3 (Groundball, 4S, EV 78.8 MPH) Bobby Arevalo scores John Gray to third
|
|
Batting: RHB Casey Stripling
|
0-0: Called Strike 0-1: DOUBLE (Line Drive, 89XD, EV 101.9 MPH) John Gray scores
|
|
Batting: RHB Dustin Legault
|
0-0: Called Strike 0-1: Ground out 3-1 (Groundball, 34, EV 84.4 MPH) Casey Stripling to third
|
|
Pinch Hitting: LHB J.D. Onorati
|
0-0: Ball 1-0: Foul Ball, location: 2F 1-1: Ground out 1-3 (Groundball, 13S, EV 71.2 MPH)
|
| Bottom of the 8th over - 3 runs, 4 hits, 0 errors, 1 left on base; San Jose 9 - Mobile 8 |
| TOP OF THE 9TH |
|
San Jose Giants batting - Pitching for Mobile BayBears : LHP Danny Kessel
|
|
Pitching: RHP Mike Fritz
|
|
|
Now at 2B: Andy Schuett
|
|
|
Batting: RHB Adam Solesbee
|
0-0: Ball 1-0: Ball 2-0: Foul Ball, location: 2F 2-1: Ball 3-1: Foul Ball, location: 2F 3-2: Strikes out swinging
|
|
Batting: RHB Jack Toole
|
0-0: Ball 1-0: Ball 2-0: Ball 3-0: Called Strike 3-1: Called Strike 3-2: Ground out 6-3 (Groundball, 4MS, EV 88.8 MPH)
|
|
Pitching: LHP Yorinobu Noguchi
|
|
|
Batting: LHB Terry Ebersole
|
0-0: Ball 1-0: Ball 2-0: Foul Ball, location: 2F 2-1: Foul Ball, location: 2F 2-2: Foul Ball, location: 2F 2-2: Foul Ball, location: 2F 2-2: Foul Ball, location: 2F 2-2: Foul Ball, location: 2F 2-2: SINGLE (Groundball, 34D, EV 98.8 MPH)
|
|
Batting: RHB Tyler Mapes
|
0-0: Ball 1-0: Called Strike 1-1: Foul Ball, location: 2F 1-2: Foul Ball, location: 2F 1-2: Strikes out swinging
|
| Top of the 9th over - 0 runs, 1 hit, 0 errors, 1 left on base; San Jose 9 - Mobile 8 |
| BOTTOM OF THE 9TH |
|
Mobile BayBears batting - Pitching for San Jose Giants : RHP Phil Holmes
|
|
Pitching: RHP Tadesse Karume
|
|
|
Batting: LHB Steve Reinhart
|
0-0: Swinging Strike 0-1: Swinging Strike 0-2: Strikes out looking
|
|
Batting: RHB Omar Arroyo
|
0-0: Ball 1-0: Ball 2-0: Ball 3-0: Called Strike 3-1: Called Strike 3-2: Foul Ball, location: 2F 3-2: Foul Ball, location: 2F 3-2: Foul Ball, location: 2F 3-2: Ground out 6-3 (Groundball, 6, EV 89.4 MPH)
|
|
Batting: LHB Rick Roemer
|
0-0: Ball 1-0: Foul Ball, location: 2F 1-1: Ball 2-1: Ball 3-1: Base on Balls
|
|
Batting: LHB Bobby Arevalo
|
0-0: Called Strike 0-1: Ball 1-1: Ball 2-1: Ball 3-1: Base on Balls Rick Roemer to second
|
|
Batting: RHB John Gray
|
0-0: Ground out 4-3 (Groundball, 4, EV 90.6 MPH)
|
| Bottom of the 9th over - 0 runs, 0 hits, 0 errors, 2 left on base; San Jose 9 - Mobile 8 |
|